 Dungeon Crawl Stone Soup version 0.27.0-66-gdc8fb28755 (webtiles) character file.

Game seed: 8416670303300107387

984 robertstho the Cudgeller (level 7, -2/108 HPs)
             Began as a Troll Berserker on Aug 20, 2021.
             Was a Priest of Trog.
             Slain by a lemure (6 damage)
             ... led by Pikel
             ... on level 5 of the Dungeon.
             The game lasted 00:04:29 (3761 turns).

robertstho the Cudgeller (Troll Berserker)          Turns: 3761, Time: 00:04:30

Health: -2/108     AC:  4    Str: 26    XL:     7   Next: 97%
Magic:  6/6        EV: 10    Int:  5    God:    Trog [***...]
Gold:   211        SH:  0    Dex:  9    Spells: 6/6 levels left

rFire    + . .     SeeInvis .   c - +0 flail
rCold    x . .     Faith    .   (no shield)
rNeg     . . .     Spirit   .   b - +0 animal skin
rPois    .         Reflect  .   (helmet restricted)
rElec    .         Harm     .   (no cloak)
rCorr    .         Rampage  .   (gloves unavailable)
Will     .....                  (boots unavailable)
Stlth    ..........             (no amulet)
HPRegen  1.28/turn              a - ring of fire
MPRegen  0.10/turn              (no ring)

@: berserking, very quick
A: large, unfitting armour, claws 3, regeneration 1, shaggy fur 1, tough skin 1
a: Renounce Religion, Berserk, Trog's Hand


You were on level 5 of the Dungeon.
You worshipped Trog.
Trog was most pleased with you.
You visited 1 branch of the dungeon, and saw 5 of its levels.

You collected 211 gold pieces.

Inventory:

Hand Weapons
 c - a +0 flail (weapon)
Armour
 b - a +0 animal skin (worn)
Jewellery
 a - a ring of fire (left claw)
Wands
 n - a wand of iceblast (11)
Scrolls
 g - a scroll of holy word {unknown}
 i - 4 scrolls of immolation
 j - a scroll of identify {unknown}
 l - a scroll of acquirement {unknown}
Potions
 d - a potion of mutation {unknown}
 e - a potion of curing {unknown}
 f - a potion of heal wounds
 h - a potion of brilliance {unknown}
 k - a potion of berserk rage {unknown}
 m - a potion of flight


   Skills:
 * Level 5.0 Fighting
 + Level 5.5 Maces & Flails
 * Level 2.7 Armour
 + Level 4.0 Dodging


You had 6 spell levels left.
You didn't know any spells.
Your spell library was empty.

Dungeon Overview and Level Annotations

Branches:
Dungeon (5/15)             Temple (0/1) D:5

Altars:
Fedhas
Qazlal
Ru
Trog
Wu Jian

Shops:
D:3 :

Annotations:
D:5 Pikel


Innate Abilities, Weirdness & Mutations

You are too large for most types of armour.
You have claws for hands.
Your natural rate of healing is unusually fast.
You are covered in fur. (AC +1)
You have tough skin. (AC +1)


Message History

You are too injured to fight recklessly!
You are too injured to fight recklessly!
You are too injured to fight recklessly!
You are too injured to fight recklessly!
You are too injured to fight recklessly!
You are too injured to fight recklessly!
You are too injured to fight recklessly!
You are too injured to fight recklessly!
You are too injured to fight recklessly!
You are too injured to fight recklessly!
You are too injured to fight recklessly!
You are too injured to fight recklessly!
You are too injured to fight recklessly!
You are too injured to fight recklessly!
Unknown command.
A red film seems to cover your vision as you go berserk!
You feel yourself moving faster!
You feel mighty! The lemure hits you! The lemure hits you.
* * * LOW HITPOINT WARNING * * *
Pikel hits you with a +2 whip of freezing.
* * * LOW HITPOINT WARNING * * *
Pikel freezes you.
* * * LOW HITPOINT WARNING * * *
The lemure hits you.
* * * LOW HITPOINT WARNING * * *
You thump Pikel!
Pikel is heavily wounded.
The lemure hits you.
* * * LOW HITPOINT WARNING * * *
The lemure hits you.
* * * LOW HITPOINT WARNING * * *
Pikel hits you with a +2 whip of freezing.
* * * LOW HITPOINT WARNING * * *
Pikel freezes you.
* * * LOW HITPOINT WARNING * * *
The lemure hits you but does no damage.
You bludgeon Pikel!!
Pikel is almost dead.
The lemure hits you.
You die...

####### ############......
.........§........ ######
######.≈.≈≈≈≈≈≈≈.###.#....#
.......≈§.....§§..##.#.##.#
#####..≈.♣♣♣♣♣§≈5..#.#.##.#######
#......≈.....♣§≈K5.#<#...........
#.##...≈§♣._.♣.≈@5.#.#...........
#.#....§.♣.....≈.5.#.#...........
#.#....≈.♣♣♣♣♣.≈...#.#..#.#######
#.#....§§......≈...#....#.#
..#..#.§§≈≈≈≈≈≈≈..####..#.#######
#.......§........................
.....###.##.#.#.#......#.########
............#...######..........
...#.##########......(.#....###.


You could see Pikel and 4 lemures.

Vanquished Creatures
  2 necrophages
  An ogre (D:4)
  A phantom (D:4)
  3 scorpions
  A water moccasin skeleton (D:4)
  A howler monkey (D:5)
  2 hounds
  2 iguanas (D:4)
  2 orc wizards
  A hound zombie (D:4)
  3 hound skeletons
  3 gnolls (D:3)
  5 adders
  An ufetubus (D:4)
  3 adder zombies (D:4)
  2 dart slugs
  8 orcs
  3 ball pythons (D:3)
  4 endoplasms
  2 giant cockroaches
  5 goblins
  4 hobgoblins
  9 jackals
  8 quokkas
  6 bats
  4 frilled lizards
  7 kobolds
  A quokka skeleton (D:4)
  3 rats
97 creatures vanquished.

Notes
Turn   | Place    | Note
-------+----------+-------------------------------------------
     0 | D:1      | robertstho the Troll Berserker began the quest for the Orb.
     0 | D:1      | Reached XP level 1. HP: 22/22 MP: 0/0
   632 | D:1      | Reached XP level 2. HP: 29/29 MP: 1/1
   897 | D:2      | Reached ** piety under Trog
   946 | D:2      | Reached XP level 3. HP: 36/36 MP: 2/2
  1059 | D:2      | Found a faded altar of an unknown god.
  1637 | D:3      | Reached skill level 1 in Armour
  1637 | D:3      | Reached XP level 4. HP: 45/45 MP: 3/3
  1644 | D:3      | Found Vuesonn's Book Shop.
  2376 | D:4      | Reached XP level 5. HP: 41/53 MP: 4/4
  2432 | D:4      | Found a stormy altar of Qazlal.
  2588 | D:4      | Noticed a phantom
  2612 | D:4      | Killed a phantom
  2612 | D:4      | Reached *** piety under Trog
  2613 | D:4      | Reached XP level 6. HP: 46/62 MP: 5/5
  2877 | D:4      | Reached XP level 7. HP: 70/70 MP: 6/6
  3151 | D:4      | Reached skill level 5 in Maces & Flails
  3334 | D:4      | Found a bloodstained altar of Trog.
  3334 | D:4      | Found an ornate altar of the Wu Jian Council.
  3427 | D:5      | Entered Level 5 of the Dungeon
  3457 | D:5      | Found a blossoming altar of Fedhas.
  3493 | D:5      | Found a staircase to the Ecumenical Temple.
  3511 | D:5      | HP: 2/71 [scorpion (8)]
  3676 | D:5      | Reached skill level 5 in Fighting
  3691 | D:5      | Found a sacrificial altar of Ru.
  3750 | D:5      | Noticed Pikel
  3760 | D:5      | HP: 4/108 [Pikel (6)]
  3761 | D:5      | Slain by a lemure

Illustrated notes

Levels and vault maps discovered:
D:1:      mrwooster_arrival_statue, layout_loops_corners
D:2:      layout_loops_ring, ebering_ecumenical_altar_sacrificial,
          grunt_ministairs_9
D:3:      layout_basic, serial_shops, shop, hangedman_decor_peaks_small
D:4:      layout_basic, grunt_qazlal_clouds, gammafunk_temple_overflow_pools,
          serial_undead, serial_undead_c, serial_undead_e, serial_undead_e,
          serial_undead_c
D:5:      layout_basic, nicolae_yredelemnul_corpse_copse,
          nicolae_ru_sacrificial_ziggurat, mainiacjoe_overflow_brackets,
          minmay_temple_entry_statues, uniq_pikel

Skill      XL: |  1  2  3  4  5  6  7 |
---------------+----------------------+-----
Maces & Flails | 3 4 5 |  5.5
Fighting       | 3 4 5 |  5.0
Armour         | 1 2 |  2.7
Dodging        | 3 4 |  4.0

Action                   |  1- 3 |  4- 6 |  7- 9 || total
-------------------------+-------+-------+-------++-------
Melee: Mace              |   137 |    11 |       ||   148
       Flail             |       |   135 |   105 ||   240
Invok: Berserk           |     1 |     4 |     4 ||     9
       Trog's Hand       |       |       |     1 ||     1
  Use: Scroll            |     5 |       |     1 ||     6
       Potion            |       |       |     2 ||     2
 Stab: Sleeping          |     2 |       |       ||     2
Armor: Animal skin       |    58 |    42 |    33 ||   133
Dodge: Dodged            |    87 |    98 |    55 ||   240
